 Dungeon Crawl Stone Soup version 0.16-a0-148-g3b84123 (webtiles) character file.

600 Jakon the Skirmisher (level 7, 0/44 HPs)
             Began as a Gargoyle Fighter on Aug 15, 2014.
             Was an Initiate of Trog.
             Slain by a centaur (4 damage)
             ... on Level 5 of the Dungeon.
             The game lasted 00:18:29 (4566 turns).

Jakon the Skirmisher (Gargoyle Fighter)             Turns: 4566, Time: 00:18:29

HP   0/44        AC -1     Str 19      XL: 7   Next: 41%
MP   7/7         EV  7     Int 10      God: Trog [......]
Gold 136         SH 10     Dex 10      Spells:  0 memorised,  6 levels left

rFire  . . .     SeeInvis .     G - +0 flail (curse)
rCold  . . .     Clarity  .     b - +0 scale mail
rNeg   + . .     rCorr    .     c - +0 shield
rPois  +         rRot     +     (no helmet)
rElec  +         Spirit   .     (no cloak)
SustAb .         Warding  .     (no gloves)
rMut   .         Stasis   .     E - +0 pair of boots
Gourm  .                        (no amulet)
MR     .....                    (no ring)
                                (no ring)

@: corroded equipment, not resistant to hostile enchantments, extremely
unstealthy
A: negative energy resistance 1, electricity resistance, unbreathing,
petrification resistance, rot immunity, AC +4
a: Burn Spellbooks, Renounce Religion


You were on level 5 of the Dungeon.
You worshipped Trog.
Trog was noncommittal.
You were not hungry.

You visited 1 branch of the dungeon, and saw 5 of its levels.

You collected 136 gold pieces.

Inventory:

Hand weapons
 G - a cursed +0 flail (weapon)
Armour
 b - a +0 scale mail (worn)
 c - a +0 shield (worn)
 E - a +0 pair of boots (worn)
Magical devices
 w - a wand of polymorph (0)
 H - a wand of enslavement (13) {unknown}
Comestibles
 d - 3 bread rations
 p - 4 fruits
 r - a meat ration
 v - a slice of pizza
 A - a rotting chunk of adder flesh
 D - 2 rotting chunks of hobgoblin flesh
Scrolls
 f - 2 scrolls of remove curse {unknown}
 g - 2 scrolls of identify {unknown}
 h - 2 scrolls of fear {unknown}
 i - a scroll of enchant armour {unknown}
 k - 4 scrolls of teleportation {unknown}
 n - 2 scrolls of random uselessness {unknown}
 o - a scroll of recharging {unknown}
 u - a scroll of immolation {unknown}
 x - a scroll of magic mapping {unknown}
 y - a scroll of enchant weapon {unknown}
 F - a scroll of summoning {unknown}
Jewellery
 e - an uncursed ring of magical power {unknown}
 j - a cursed amulet of stasis {unknown}
 B - a cursed ring of teleportation {unknown}
Potions
 a - a potion of confusion {unknown}
 l - 2 potions of flight {unknown}
 q - a potion of magic {unknown}
 s - a potion of poison {unknown}
 t - a potion of heal wounds {unknown}
 z - a potion of berserk rage {unknown}
 C - a potion of lignification {unknown}


   Skills:
 + Level 5.5 Fighting
 + Level 4.0 Maces & Flails
 + Level 5.2 Armour
 + Level 5.5 Shields


You had 6 spell levels left.
You didn't know any spells.

Dungeon Overview and Level Annotations

Branches:
Dungeon (5/15)
 Temple: D:4-7

Altars:
Makhleb
Qazlal
Trog

Annotations:
D:4 1 exclusion, Menkaure
D:5 Grinder


Innate Abilities, Weirdness & Mutations

You are resistant to torment.
You are immune to poison.
Your stone body is very resilient (AC +4).
You resist negative energy.
You are resistant to electric shocks.
You can survive without breathing.
You are immune to petrification.
You are immune to rotting.


Message History

Drink which item? (? for menu, Esc to quit)
You feel better.
It was a potion of curing.
You block the centaur's attack. Grinder gestures at you.
You resist with significant effort. You block the centaur's attack.
Things that are here:
3 arrows; a stone The centaur wields an uncursed shortbow.
The centaur shoots an arrow.
The arrow hits you!
* * * LOW HITPOINT WARNING * * *
You see here an arrow.
The centaur unwields an uncursed shortbow.
The centaur hits you.
* * * LOW HITPOINT WARNING * * *
Drink which item? (? for menu, Esc to quit)
You feel better. You block the centaur's attack. The centaur hits you!
* * * LOW HITPOINT WARNING * * *
You hit the centaur but do no damage. You block the centaur's attack.
The centaur hits you.
You die...

#########.......
#.............#.
#......#..#.#.#.
###|....)#..#.#.#.
.
#.....#..#..#.#.##
#.
###.....#..####.#.#
.. #(...#..#..#
#...# # ###$
#.c..#..#### #...#
... ... #(#@.#..#
#...#
...?##.##c#..####
...##
.........)#..# ...
........?.(#### .##
........(..# ...
......5..#.# .##
..........# # ####
........... #..#...
...(......##
#......


You could see a centaur.

Vanquished Creatures
  A phantom (D:4)
  An ogre (D:3)
  A jelly (D:5)
  A centaur skeleton (D:5)
  A hound (D:4)
  An orc wizard (D:3)
  A worker ant (D:3)
  Ijyb (D:2)
  6 gnolls
  10 adders
  A worm (D:4)
  6 orcs
  A bat skeleton (D:5)
  4 giant cockroaches
  8 goblins
  11 hobgoblins
  A quokka (D:2)
  3 ball pythons
  6 bats
  4 giant geckos
  13 giant newts
  9 jackals
  13 kobolds
  An orc zombie (D:5)
  6 rats
  A rat zombie (D:2)
112 creatures vanquished.

Notes
Turn   | Place    | Note
--------------------------------------------------------------
     0 | D:1      | Jakon, the Gargoyle Fighter, began the quest for the Orb.
     0 | D:1      | Reached XP level 1. HP: 14/14 MP: 1/1
   149 | D:1      | Reached XP level 2. HP: 19/19 MP: 2/2
   874 | D:2      | Reached XP level 3. HP: 20/24 MP: 3/3
   907 | D:2      | Reached skill level 4 in Armour
   922 | D:2      | Reached XP level 4. HP: 16/29 MP: 4/4
  1090 | D:2      | Found a stormy altar of Qazlal.
  1362 | D:2      | Found a bloodstained altar of Trog.
  1388 | D:2      | Noticed Ijyb
  1413 | D:2      | Killed Ijyb
  1734 | D:3      | Reached XP level 5. HP: 29/33 MP: 5/5
  1952 | D:3      | Noticed an ogre
  1967 | D:3      | Killed an ogre
  1967 | D:3      | Reached XP level 6. HP: 10/39 MP: 6/6
  2371 | D:3      | Reached skill level 5 in Fighting
  2796 | D:2      | Became a worshipper of Trog the Wrathful
  3018 | D:4      | Noticed Menkaure
  3460 | D:4      | Reached skill level 5 in Shields
  3635 | D:4      | Reached XP level 7. HP: 29/44 MP: 7/7
  3839 | D:4      | Reached skill level 5 in Armour
  3921 | D:4      | Acquired Trog's first power
  4008 | D:4      | Found a burning altar of Makhleb.
  4244 | D:5      | Entered Level 5 of the Dungeon
  4536 | D:5      | Noticed Grinder
  4541 | D:5      | Paralysed by Grinder for 3 turns
  4566 | D:5      | Slain by a centaur

Action                   |  1- 3 |  4- 6 |  7- 9 || total
-------------------------+-------+-------+-------++-------
Melee: Flail             |   106 |   319 |    91 ||   516
       Unarmed           |       |     7 |       ||     7
  Use: Potion            |       |     1 |     2 ||     3
  Eat: Chunk             |       |     9 |     4 ||    13
